 Dungeon Crawl Stone Soup version 0.26-a0-365-g11c2b627af (webtiles) character file.

Game seed: 14270177340463430372

212 Glokmah the Bolt Thrower (level 6, -4/36 HPs)
             Began as a Kobold Arcane Marksman on July 19, 2020.
             Was an Initiate of Qazlal.
             Slain by an ice beast (10 damage)
             ... on level 4 of the Dungeon.
             The game lasted 00:08:56 (4022 turns).

Glokmah the Bolt Thrower (Kobold Arcane Marksman)   Turns: 4022, Time: 00:08:57

Health: -4/36      AC:  5    Str: 19    XL:     6   Next: 13%
Magic:  3/9        EV: 16    Int: 17    God:    Qazlal [......]
Gold:   113        SH:  0    Dex: 15    Spells: 2/9 levels left

rFire    . . .     SeeInvis .   c - +2 whip (pain)
rCold    . . .     Faith    .   (shield restricted)
rNeg     . . .     Spirit   .   e - +0 robe
rPois    .         Reflect  .   (no helmet)
rElec    .         Harm     .   g - +2 cloak
rCorr    .                      (no gloves)
MR       .....                  (no boots)
Stlth    +.........             (no amulet)
HPRegen  0.12/turn              l - +6 ring of strength
MPRegen  0.11/turn              r - +6 ring of strength

@: very slightly contaminated
A: small
a: Renounce Religion


You were on level 4 of the Dungeon.
You worshipped Qazlal.
Qazlal was noncommittal.
You visited 1 branch of the dungeon, and saw 4 of its levels.

You collected 113 gold pieces.

Inventory:

Hand Weapons
 a - a +1 hand crossbow
 b - a +0 short sword
 c - a +2 whip of pain (weapon)
Missiles
 d - 7 bolts
Armour
 e - a +0 robe (worn)
 g - a +2 cloak (worn)
 o - a +1 leather armour
Jewellery
 l - a +6 ring of strength (left hand)
 r - a +6 ring of strength (right hand)
Scrolls
 j - a scroll of teleportation
 k - a scroll of magic mapping
 m - 3 scrolls of remove curse
Potions
 f - 2 potions of brilliance {unknown}
 h - 3 potions of curing
 i - a potion of resistance
 n - 2 potions of invisibility {unknown}
 p - a potion of degeneration {unknown}
 q - 2 potions of lignification
 t - a potion of heal wounds {unknown}


   Skills:
 + Level 2.4 Fighting
 * Level 4.1 Crossbows
 + Level 0.5 Armour
 + Level 3.3 Dodging
 + Level 2.2 Spellcasting
 * Level 4.0 Hexes
 + Level 1.1 Fire Magic


You had 2 spell levels left.
You knew the following spells:

 Your Spells              Type           Power        Failure   Level
a - Corona                Hex            ###....      3%          1
b - Inner Flame           Hex/Fire       ##......     21%         3
c - Portal Projectile     Hex/Tloc       #.....       26%         3

Your spell library contained the following spells:

 Spells                   Type           Power        Failure   Level
 Slow                     Hex            ###.....     5%          2
 Cause Fear               Hex            ###.......   36%         4
 Leda's Liquefaction      Hex/Erth       #.........   63%         4


Dungeon Overview and Level Annotations

Branches:
Dungeon (4/15)             Temple (0/1) D:4

Altars:
Kikubaaqudgha
Qazlal
Sif Muna


Message History

The spell is quite dangerous to cast (21% risk of failure)!
Continue anyway?
Aiming: Inner Flame (quite dangerous; 21% risk of failure)
Press: ? - help, Shift-Dir - straight line, f - ice beast
Aim: an ice beast (chance to defeat MR: 59%)
You miscast Inner Flame.
You are very lightly contaminated with residual magic.
Nothing appears to happen.
The ice beast closely misses you.
Casting: Inner Flame (quite dangerous; 21% risk of failure)
Confirm with . or Enter, or press ? or * to list all spells.
The spell is quite dangerous to cast (21% risk of failure)!
Continue anyway?
Aiming: Inner Flame (quite dangerous; 21% risk of failure)
Press: ? - help, Shift-Dir - straight line, f/p - ice beast
Aim: an ice beast (chance to defeat MR: 59%)
The ice beast is filled with an inner flame.
The ice beast hits you but does no damage.
You closely miss the ice beast. The ice beast barely misses you.
You closely miss the ice beast. The ice beast hits you.
* * * LOW HITPOINT WARNING * * *
The ice beast freezes you!
You die...

##.............,,,,
#..............,,,,
#..............,,,,
########..............****
###...................#** *
#####...................### *
#..^..#####............## *
##...## ##.....Y.....##* ***
##..# #.....@........#*****,,
##.## ##................,,,,,,
###..# ###..................,,,,,
.##..###.........#....$...##*****
....#........#####.....#### *
..........#### *......# **
........### *......# *, ..#######
**.....#* **, .## **,,,,,*** *,,


You could see an ice beast (inner flame).

Vanquished Creatures
  A howler monkey (D:4)
  Jessica (D:4)
  An orc wizard (D:3)
  A worker ant (D:4)
  2 adders (D:2)
  2 oozes
  2 worms
  4 leopard geckos
  5 orcs
  A giant cockroach (D:2)
  4 goblins
  9 hobgoblins
  6 jackals
  7 kobolds
  A ball python (D:2)
  8 bats
  5 frilled lizards
  2 rats
62 creatures vanquished.

Notes
Turn   | Place    | Note
-------+----------+-------------------------------------------
     0 | D:1      | Glokmah the Kobold Arcane Marksman began the quest for the
                  | Orb.
     0 | D:1      | Reached XP level 1. HP: 12/12 MP: 2/2
    70 | D:1      | Reached XP level 2. HP: 10/16 MP: 3/3
   686 | D:1      | Reached XP level 3. HP: 20/20 MP: 5/5
   833 | D:2      | Learned a level 3 spell: Inner Flame
  1473 | D:2      | Reached XP level 4. HP: 26/26 MP: 6/6
  2368 | D:3      | Reached XP level 5. HP: 14/30 MP: 5/7
  2950 | D:3      | Found an ancient bone altar of Kikubaaqudgha.
  3079 | D:4      | Learned a level 3 spell: Portal Projectile
  3244 | D:4      | Found a stormy altar of Qazlal.
  3298 | D:4      | Noticed Jessica
  3304 | D:4      | Found a shimmering blue altar of Sif Muna.
  3309 | D:4      | Killed Jessica
  3568 | D:4      | Became a worshipper of Qazlal Stormbringer
  3699 | D:4      | Reached skill level 1 in Fire Magic
  3713 | D:4      | Reached XP level 6. HP: 36/36 MP: 4/9
  4007 | D:4      | Noticed an ice beast
  4022 | D:4      | Slain by an ice beast

Illustrated notes

Levels and vault maps discovered:
D:1:      dpeg_arrival_orchard, layout_rooms
D:2:      layout_loops_cross, hex_tiny, minmay_pentomino_w2
D:3:      layout_loops_ring, lemuel_round_altar, grunt_ministairs_9
D:4:      layout_layer_cave, kennysheep_little_box, tgw_sif,
          lemuel_coloured_pillars_altar, minmay_temple_entry_offerings,
          dk_vineyard_2

Skill      XL: |  1  2  3  4  5  6 |
---------------+-------------------+-----
Crossbows      | 3 4 |  4.1
Dodging        | 3 |  3.3
Fighting       | 2 |  2.4
Spellcasting   | 2 |  2.2
Fire Magic     | 1 |  1.1
Hexes          | 4 |  4.0
Armour         | |  0.5

Action                   |  1- 3 |  4- 6 || total
-------------------------+-------+-------++-------
Melee: Dagger            |    38 |    59 ||    97
       Whip              |       |    63 ||    63
 Fire: Hand crossbow     |    70 |    30 ||   100
 Cast: Corona            |     6 |     7 ||    13
       Inner Flame       |       |     4 ||     4
  Use: Scroll            |       |     8 ||     8
Armor: Robe              |    18 |    33 ||    51
Dodge: Dodged            |    81 |    91 ||   172

Table legend: (Time is in decaauts)
 A = Elapsed time spent in this place.
 B = Non-inter-level travel time spent in this place.
 C = Inter-level travel time spent in this place.
 D = Time resting spent in this place.
 E = Time spent auto-exploring this place.
 F = Levels seen in this place.
 G = Mean time per level.
                   A        B        C        D        E       F      G
               +--------+--------+--------+--------+--------+-----+--------+
         Total |   4068 |   3632 |    436 |    861 |   1600 |   4 | 1017.0 |
       Dungeon |   4068 |   3632 |    436 |    861 |   1600 |   4 | 1017.0 |
               +--------+--------+--------+--------+--------+-----+--------+
